 Dungeon Crawl Stone Soup version 0.30-a0-355-g4c39ff3 (webtiles) character file.

Game seed: 10436113995617729661

548527 BriarBranch the Conqueror (level 24, -2/373 HPs)
             Began as a Minotaur Berserker on Nov 7, 2022.
             Was the Champion of Trog.
             Slain by a black draconian knight
             ... wielding a +0 long sword
              (17 damage)
             ... on level 5 of the Realm of Zot.
             The game lasted 03:03:24 (51278 turns).

BriarBranch the Conqueror (Minotaur Berserker)     Turns: 51278, Time: 03:03:25

Health: -2/373     AC: 43    Str: 43    XL:     24   Next: 98%
Magic:  22/22      EV: 36    Int: 10    God:    Trog [******]
Gold:   6002       SH:  0    Dex: 30    Spells: 23/23 levels left

rFire   . . .      SeeInvis +    J - +8 frozen axe "Frostbite" {freezing cloud, *Noise Fly rC+}
rCold   + . .      Faith    +    (shield currently unavailable)
rNeg    + . .      Spirit   .    P - +4 plate armour of Fedhas's Esteem {-Cast Will+ Str+2 Dex+7}
rPois   +          Reflect  .    Y - +1 hat of Okawaru's Benevolence {Contam rPois Dex+8 SInv}
rElec   .          Harm     .    L - +4 dragonskin cloak
rCorr   .          Rampage  .    o - +2 pair of gloves {Str+3}
Will    ++...      NoCast   +    B - +2 pair of boots {Fly}
Stlth   ..........               Z - amulet of Oddoer {Faith Slay+3}
HPRegen 0.82/turn                D - ring of positive energy
MPRegen 0.18/turn                H - ring "Iwuefen" {Str+6 Int+7}

@: berserking, flying, very quick
A: horns 2, retaliatory headbutt, iridescent scales 1, agile 1, mutation
resistance 1
}: 3/15 runes: decaying, serpentine, silver
a: Renounce Religion, Berserk, Trog's Hand, Brothers in Arms


You were on level 5 of the Realm of Zot.
You worshipped Trog.
Trog was exalted by your worship.
You visited 8 branches of the dungeon, and saw 44 of its levels.
You also visited: Sewer, Ossuary, Bailey and Ice Cave.

You collected 7784 gold pieces.
You spent 1782 gold pieces at shops.

Inventory:

Hand Weapons
 a - the +6 lajatang "Ladoecvo" {vorpal, Fly rC++}
   (Trog gifted it to you on level 2 of the Orcish Mines)

   It inflicts extra damage upon your enemies.
   rC:        It greatly protects you from cold.
   Fly:       It grants you flight.
 h - the +8 battleaxe of Due Proportion {flame, rN+ Will+}
   (Trog gifted it to you on level 3 of the Vaults)

   It burns those it strikes, dealing additional fire damage.
   Big, fiery blades are also staple armaments of hydra-hunters.
   rN:        It protects you from negative energy.
   Will:      It increases your willpower.
 l - a +9 antimagic battleaxe
 J - the +8 frozen axe "Frostbite" (weapon) {freezing cloud, *Noise Fly rC+}
   (You found it in an ice cave)

   It freezes those it strikes, dealing additional cold damage.
   It can also slow down cold-blooded creatures.
   It occasionally leaves clouds of freezing vapour upon striking a foe.
   It grants immunity to clouds of freezing vapour.
   rC:        It protects you from cold.
   Fly:       It grants you flight.
   *Noise:    It may make noises in combat.
 Q - the +14 obsidian axe {vorpal, Mesm Drain Fly SInv}
   (Trog gifted it to you on level 2 of the Snake Pit)

   It inflicts extra damage upon your enemies.
   It occasionally summons demons to assist the wielder when it strikes in
   combat.
   Its wielder is mesmerised by any visible foes.
   It cannot be unequipped while any foes are visible.
   SInv:      It lets you see invisible.
   Fly:       It grants you flight.
   Drain:     It drains your maximum health when unequipped.
Armour
 o - a +2 pair of gloves of strength (worn)
 u - the +4 pair of boots of Lust {rCorr}
   (You bought it in a shop on level 2 of the Snake Pit)

   rCorr:     It protects you from acid and corrosion.
 B - a +2 pair of boots of flying (worn)
 L - the +4 dragonskin cloak (worn)
   (You took it off Tiamat on level 2 of the Realm of Zot)

   It grants the wearer a chance to resist fire, cold, poison, electricity,
   acid, and negative energy.
 P - the +4 plate armour of Fedhas's Esteem (worn) {-Cast Will+ Str+2 Dex+7}
   (You bought it in a shop on level 2 of the Orcish Mines)

   Str:       It affects your strength (+2).
   Dex:       It affects your dexterity (+7).
   -Cast:     It prevents spellcasting.
   Will:      It increases your willpower.
 W - the +0 hat of Ihyicerr {Str+4}
   (You found it on level 14 of the Dungeon)

   Str:       It affects your strength (+4).
 Y - the +1 hat of Okawaru's Benevolence (worn) {Contam rPois Dex+8 SInv}
   (You acquired it on level 1 of the Swamp)

   Dex:       It affects your dexterity (+8).
   rPois:     It protects you from poison.
   SInv:      It lets you see invisible.
   Contam:    It causes magical contamination when unequipped.
Jewellery
 d - a ring of resist corrosion
 f - a +6 ring of strength
 v - the amulet of the Shrike {Spirit -Tele Will+ MP+9 Int+2}
   (You took it off a centaur warrior on level 15 of the Dungeon)

   [amulet of guardian spirit]

   It causes incoming damage to be divided between your reserves of health and
   magic.
   Int:       It affects your intelligence (+2).
   MP:        It affects your magic capacity (+9).
   -Tele:     It prevents most forms of teleportation.
   Will:      It increases your willpower.
 D - a ring of positive energy (left hand)
 E - a ring of protection from fire
 H - the ring "Iwuefen" (right hand) {Str+6 Int+7}
   (You took it off a vault sentinel on level 5 of the Vaults)

   [ring of strength]

   Str:       It affects your strength (+6).
   Int:       It affects your intelligence (+7).
 R - a ring of flight
 S - an amulet of the acrobat
 U - the amulet "Wiamef" {+Blink Regen+ MP+9}
   (You found it on level 1 of the Depths)

   [amulet of regeneration]

   MP:        It affects your magic capacity (+9).
   +Blink:    It lets you blink.
   Regen:     It increases your rate of health regeneration.
 V - a +6 ring of strength
 X - a ring of poison resistance
 Z - the amulet of Oddoer (around neck) {Faith Slay+3}
   (You acquired it on level 3 of the Swamp)

   [amulet of faith]

   It allows you to gain divine favour quickly.
   Slay:      It affects your accuracy & damage with ranged weapons and melee
   (+3).
Wands
 i - a wand of paralysis (13)
 O - a wand of polymorph (14)
 T - a wand of digging (25)
Scrolls
 c - 4 scrolls of vulnerability
 j - 5 scrolls of brand weapon
 m - 4 scrolls of magic mapping
 q - 12 scrolls of immolation
 r - 10 scrolls of butterflies
 s - 15 scrolls of fear
 w - 6 scrolls of enchant armour
 y - 20 scrolls of teleportation
 C - 3 scrolls of summoning
 K - 5 scrolls of silence
 N - 6 scrolls of blinking
Potions
 b - 5 potions of magic
 e - 2 potions of haste
 g - 10 potions of might
 k - 7 potions of invisibility
 n - 8 potions of berserk rage
 p - 4 potions of flight
 t - 10 potions of resistance
 z - 8 potions of cancellation
 A - 16 potions of curing
 F - 2 potions of attraction
 G - 8 potions of mutation
 I - 9 potions of heal wounds
 M - 3 potions of ambrosia


   Skills:
 O Level 27 Fighting
 O Level 27 Axes
 - Level 6.0 Staves
 O Level 27 Armour
 O Level 27 Dodging
 - Level 0.8 Stealth
 + Level 8.9 Evocations


You had 23 spell levels left.
You didn't know any spells.
Your spell library was empty.

Dungeon Overview and Level Annotations

Branches:
Dungeon (15/15)            Temple (0/1) D:6            Lair (5/5) D:11
  Swamp (4/4) Lair:2        Snake (4/4) Lair:3          Orc (2/2) D:12
    Elf (0/3) Orc:2        Vaults (5/5) D:14          Crypt (0/3) Vaults:2
 Depths (4/4) D:15            Zot (5/5) Depths:4      Sewer (visited)
Ossuary (visited)          Bailey (visited)           IceCv (visited)
  Slime: Lair:4-5

Altars:
Cheibriados
Fedhas
Gozag
Kikubaaqudgha
Makhleb
Nemelex Xobeh
Okawaru
Qazlal
Ru
Trog
Uskayaw
Vehumet
Wu Jian
Xom
Zin
The Shining One
Jiyva

Shops:
Orc:2 !=([   Snake:2 [[   Vaults:4 *

Portals:
Hell: Depths:1 Depths:2 Depths:3 Depths:4
Abyss: Depths:1 Depths:3
Pandemonium: Depths:2 Depths:3
Ziggurat: Depths:1
Trove: Vaults:3 (give 6 potions of haste)

Annotations:
Lair:4 exclusion: 3 oklob plants


Innate Abilities, Weirdness & Mutations

You have a pair of horns on your head.
You reflexively headbutt those who attack you in melee.
You are partially covered in iridescent scales. (AC +2)
You are agile. (Dex +4, Str/Int -1)
You are somewhat resistant to further mutation.


Message History

You slice the black draconian knight!! You freeze the black draconian knight.
You open the green draconian like a pillowcase!!!
The green draconian seems to slow down.
You freeze the green draconian. You slash the green draconian!
You freeze the green draconian. You hit the Orb Guardian.
You freeze the Orb Guardian. You closely miss the Killer Klown.
Your headbutt misses the Killer Klown.
The Killer Klown is severely wounded.
You hit the black draconian knight but do no damage. x2
You open the green draconian like a pillowcase!!!
You freeze the green draconian!
You feel the power of Trog in you as your rage grows.
You kill the green draconian!
Trog accepts your kill.
You barely miss the green draconian. You closely miss the Orb Guardian.
You slice the Orb Guardian!! You freeze the Orb Guardian.
You cut the green draconian into ribbons!!!
The green draconian seems to slow down.
You freeze the green draconian.
You kill the green draconian!
Trog accepts your kill. The Orb Guardian barely misses you.
You furiously retaliate!
You headbutt the Orb Guardian! The Orb Guardian completely misses you.
The Killer Klown squeezes you with a +11 club.
* * * LOW HITPOINT WARNING * * *
You slice the Orb Guardian like a ripe choko!!!!
You freeze the Orb Guardian!!
You feel the power of Trog in you as your rage grows.
You kill the Orb Guardian!
Trog accepts your kill.
You slice the black draconian knight!!
The black draconian knight seems to slow down.
You freeze the black draconian knight! You hit the green draconian.
The green draconian seems to slow down.
You freeze the green draconian. You slash the Orb Guardian!
You freeze the Orb Guardian.
You kill the Orb Guardian!
Trog accepts your kill.
You slash the Killer Klown! You freeze the Killer Klown.
The black draconian knight blocks your attack.
You can drink potions again.
The black draconian knight hits you with a +0 long sword!
You die...

▓▓▓▓▓▓▓▓# ▓▓
....^...### #...
....##...○## ...d#
...
###...###########...#
.. ##......d)qd§....#
. ##.....q@q○....##
#..§...p§)....#
##.......^...##
#...........#
##...........##
#.............#
##.............#
#...............
########.########▓▓
▓####


You could see a Killer Klown, 2 draconians, a green draconian (slow), a purple
draconian and a purple draconian shifter.

Vanquished Creatures
  Tiamat (Zot:2)
  2 dread liches
  3 orbs of fire (Zot:5)
  3 ancient liches (Vaults:5)
  Sojobo (Vaults:5)
  Boris (Vaults:2)
  4 Killer Klowns
  Vashnia (Snake:4)
  Xtahua (Vaults:5)
  3 curse toes
  Nikola (Swamp:2)
  7 golden dragons
  Jory (Vaults:3)
  A bone dragon (Swamp:4)
  A Tzitzimitl (Depths:3)
  Jorgrun (Orc:1)
  18 tentacled monstrosities
  13 Orb Guardians (Zot:5)
  5 titans
  3 quicksilver dragons
  3 liches
  3 Executioners (Depths:3)
  9 death cobs
  Frances (Snake:1)
  Kirke (Lair:3)
  9 sphinxes
  4 shadow dragons
  4 draconian monks
  6 storm dragons
  8 tengu reavers
  5 nagarajas
  Donald (Snake:4)
  7 fire giants
  9 draconian knights
  A deep elf sorcerer (Vaults:5)
  17 vault wardens
  8 frost giants
  3 spectral caustic shrikes (Depths:4)
  A spectral juggernaut (Depths:3)
  4 draconian scorchers
  3 iron dragons
  A cacodemon (Depths:2)
  4 draconian stormcallers
  2 juggernaut zombies (Depths:3)
  A draconian shifter (Zot:1)
  Aizul (Snake:1)
  A reaper (Depths:3)
  A ghost moth (Zot:4)
  3 ghouls
  5 draconian annihilators
  25 very ugly things
  14 stone giants
  18 ironbound preservers
  7 ironbound thunderhulks
  The ghost of Heli0sHyperion the Eclecticist, a journeyman DECj of Vehumet (D:14)
  A juggernaut skeleton (Depths:3)
  2 vampire knights (Zot:2)
  17 green draconians
  2 eleionomae
  The ghost of Tuheobro the Severer, a journeyman MiFi of Trog (Lair:4)
  6 black draconians
  3 deep elf annihilators (Vaults:5)
  12 dire elephants
  A spectral titan (Depths:3)
  10 purple draconians
  Nessos (D:14)
  10 red draconians
  4 bunyips
  10 yellow draconians
  6 white draconians
  8 spark wasps (Depths:4)
  A crystal guardian (Vaults:3)
  9 ettins
  A quicksilver dragon zombie (Depths:3)
  3 deep elf death magi (Depths:3)
  A shambling mangrove (Swamp:3)
  6 fire dragons
  A deep elf high priest (Vaults:5)
  A spriggan zombie (Depths:3)
  An entropy weaver (Vaults:3)
  15 yaktaur captains
  12 hydras
  14 great orbs of eyes
  3 spriggan air magi
  A hell beast (Depths:1)
  3 salamander tyrants (Snake:4)
  A quicksilver dragon skeleton (Depths:3)
  9 ice dragons
  28 vault guards
  4 rakshasas
  Fannar (Lair:2)
  A peacekeeper (Vaults:3)
  12 ironbound frosthearts
  3 catoblepae
  A spectral fire giant (Depths:3)
  9 boulder beetles
  A spectral frost giant (Depths:3)
  8 centaur warriors
  7 ogre magi
  2 ghost crabs (Swamp:4)
  9 anacondas
  31 two-headed ogres
  12 naga warriors
  2 juggernaut simulacra (Depths:3)
  A satyr (shapeshifter) (Vaults:5)
  15 death yaks
  10 tengu warriors
  A death knight (D:15)
  8 deep troll shamans
  13 alligators
  6 vampire magi
  2 hell hogs (Depths:1)
  7 deep troll earth magi
  10 spriggan berserkers
  7 shock serpents
  13 naga sharpshooters
  Sonja (Lair:2)
  A titan skeleton (Depths:3)
  6 iron trolls
  Amaemon (Lair:3)
  6 hell knights
  65 deep trolls
  2 soul eaters (Depths:2)
  2 goliath frogs (Swamp:1)
  5 sea snakes (Snake:3)
  Lodul (D:10)
  A death drake (Swamp:4)
  2 salamander mystics
  10 sun demons
  5 swamp dragons
  8 spriggan druids
  A storm dragon skeleton (Depths:3)
  A golden dragon zombie (Depths:3)
  4 phantasmal warriors
  An orb spider (shapeshifter) (Vaults:4)
  5 flayed ghosts
  6 naga ritualists
  7 bog bodies
  5 glowing orange brains
  7 wizards
  15 ironbound convokers
  5 lindwurms (Vaults:2)
  Pikel (D:4)
  5 necromancers
  5 orc knights
  A deep elf pyromancer (D:15)
  A sphinx zombie (Depths:3)
  A golden dragon skeleton (Vaults:1)
  A shadow dragon skeleton (Depths:3)
  3 will-o-the-wisps
  5 mana vipers
  45 ugly things
  5 cyclopes
  2 shining eyes (Depths:1)
  An iron dragon skeleton (Depths:3)
  A tengu skeleton (Depths:3)
  4 manticores
  7 salamanders
  4 elephants (Lair:3)
  A stone giant skeleton (Vaults:1)
  19 vault sentinels
  24 moths of wrath
  39 black mambas
  3 gargoyles
  16 naga magi
  A rust devil (Depths:2)
  An ice statue (IceCv)
  8 guardian serpents
  17 cane toads
  An orange demon (Lair:3)
  A torpor snail (Lair:5)
  Joseph (D:7)
  3 unseen horrors
  A titan simulacrum (Depths:3)
  3 kobold demonologists
  Maggie (Lair:1)
  14 komodo dragons
  2 rime drakes (Lair:5)
  34 yaktaurs
  Psyche (D:11)
  An anaconda simulacrum (IceCv)
  A spark wasp simulacrum (Depths:3)
  A tormentor (Depths:3)
  2 freezing wraiths
  2 swamp worm zombies (Swamp:4)
  A spectral glowing shapeshifter (Depths:3)
  5 tengu conjurers
  A golden dragon simulacrum (Depths:3)
  3 ice devils
  A human skeleton (Vaults:1)
  A polar bear (shapeshifter) (Vaults:5)
  3 hydra zombies (Swamp:4)
  2 bloated husks
  5 tyrant leeches
  A burning bush (Lair:5)
  6 trolls
  A red devil (Depths:2)
  Prince Ribbit (D:7)
  12 polar bears
  16 hornets
  A tengu simulacrum (Depths:3)
  3 meliai (D:15)
  4 raiju (Lair:5)
  A tarantella (shapeshifter) (Depths:4)
  4 spectral swamp dragons (Swamp:4)
  14 dream sheep
  70 slime creatures
  6 alligator zombies (Swamp:4)
  15 blink frogs
  2 frost giant simulacra
  Sigmund (D:4)
  2 fire giant simulacra (Depths:3)
  17 spriggans
  A ynoxinul (Depths:2)
  2 wraiths
  28 yaks
  3 vampires (Vaults:2)
  5 water elementals
  9 basilisks
  4 hogs (Lair:3)
  7 wyverns
  A steam dragon (Lair:5)
  A human (D:14)
  A redback (Vaults:3)
  28 nagas
  A death yak simulacrum (IceCv)
  16 swamp worms
  10 wargs
  2 acid dragons (Lair:5)
  18 water moccasins
  2 floating eyes (Zot:2)
  13 hell hounds (Lair:5)
  4 sky beasts
  12 black bears
  5 swamp drakes
  18 orc warriors
  3 ice beasts
  40 ogres
  17 wolves
  4 swamp dragon zombies (Swamp:4)
  7 centaurs
  5 phantoms
  A lemure (D:4)
  8 kobold brigands
  15 bullfrogs
  3 necrophages
  5 earth elementals (Depths:1)
  A glowing shapeshifter simulacrum (Depths:3)
  2 gnoll sergeants
  19 wights
  10 killer bees
  12 howler monkeys
  3 electric eels
  A crimson imp (D:5)
  A hound (D:5)
  11 orc priests
  2 jellies
  Ijyb (D:4)
  Terence (D:2)
  Natasha (twice) (D:3)
  6 orc wizards
  4 spectral swamp drakes (Swamp:4)
  2 hell rats (D:11)
  8 iguanas
  A polar bear simulacrum (IceCv)
  A statue (D:13)
  A wolf simulacrum (IceCv)
  A mummy (Ossuary)
  Robin (D:2)
  13 gnolls
  15 adders
  7 river rats
  A shadow imp (D:7)
  An ufetubus (D:4)
  2 dart slugs
  52 orcs
  10 endoplasms
  4 giant cockroaches
  26 goblins
  18 hobgoblins
  2 jackals (D:4)
  17 kobolds
  7 quokkas
  18 ball pythons
  8 frilled lizards
  7 gnoll skeletons (Ossuary)
  6 kobold skeletons (Ossuary)
  12 orc skeletons (Ossuary)
  32 rats
1972 creatures vanquished.

Vanquished Creatures (collateral kills)
  A titan (Vaults:5)
  A shadow dragon (Vaults:5)
  3 vault guards (Vaults:5)
  A deep elf high priest (Vaults:5)
  An orc high priest (Bailey)
  A spriggan simulacrum (Depths:3)
  A golden dragon skeleton (Depths:3)
  The ghost of Heli0sHyperion the Destroyer, a novice DECj (D:8)
  An ice statue (IceCv)
  3 yaktaurs (Vaults:5)
  A bloated husk (Swamp:4)
  3 orc warriors
  3 orc priests
  6 orcs
  A goblin (Bailey)
  A rat (D:11)
29 creatures vanquished.

Vanquished Creatures (others)
  An ancient lich (Zot:5)
  A draconian knight (Zot:2)
  A stone giant (Vaults:5)
  A white draconian (Zot:5)
  A vampire mage (Depths:3)
  3 bloated husks
  An orc (Vaults:5)
  4 foxfires (Swamp:3)
  17 fungi
  59 plants
89 creatures vanquished.

Grand Total: 2090 creatures vanquished

Notes
Turn   | Place    | Note
-------+----------+-------------------------------------------
     0 | D:1      | BriarBranch the Minotaur Berserker began the quest for the
                  | Orb.
     0 | D:1      | Reached XP level 1. HP: 19/19 MP: 0/0
   121 | D:1      | Reached XP level 2. HP: 27/27 MP: 1/1
   592 | D:1      | Reached ** piety under Trog
   663 | D:1      | Reached XP level 3. HP: 33/33 MP: 2/2
   929 | D:2      | Noticed Robin
   931 | D:2      | Killed Robin
   932 | D:2      | Reached XP level 4. HP: 39/41 MP: 3/3
  1331 | D:2      | Noticed Terence
  1336 | D:2      | Killed Terence
  1337 | D:2      | Reached skill level 5 in Axes
  1707 | D:2      | Found a faded altar of an unknown god.
  1786 | D:3      | Reached XP level 5. HP: 47/47 MP: 4/4
  1845 | D:3      | Found a glowing drain.
  1852 | Sewer    | Entered a sewer
  1892 | Sewer    | Reached *** piety under Trog
  2070 | Sewer    | Reached **** piety under Trog
  2106 | Sewer    | Reached XP level 6. HP: 54/55 MP: 5/5
  2270 | D:3      | Reached skill level 5 in Fighting
  2483 | D:3      | Noticed Natasha
  2493 | D:3      | Killed Natasha
  2683 | D:3      | Noticed Natasha
  2693 | D:3      | Killed Natasha
  2711 | D:3      | Found an iron altar of Okawaru.
  3361 | D:4      | Reached XP level 7. HP: 60/60 MP: 6/6
  3449 | D:4      | Reached skill level 5 in Armour
  3516 | D:4      | Noticed Ijyb
  3532 | D:4      | Killed Ijyb
  3606 | D:4      | Noticed Sigmund
  3618 | D:4      | Killed Sigmund
  3743 | D:4      | Reached ***** piety under Trog
  3838 | D:4      | Noticed Pikel
  3853 | D:4      | Killed Pikel
  3854 | D:4      | Reached XP level 8. HP: 71/71 MP: 7/7
  4075 | D:5      | Entered Level 5 of the Dungeon
  4536 | D:5      | Found an opulent altar of Gozag.
  4978 | D:5      | Found a burning altar of Makhleb.
  5063 | D:6      | Reached skill level 10 in Axes
  5063 | D:6      | Reached XP level 9. HP: 57/79 MP: 8/8
  5225 | D:6      | Found a staircase to the Ecumenical Temple.
  5555 | D:6      | Identified the +1 ring mail of Negation {rElec Dex+3}
  6036 | D:7      | Noticed Joseph
  6036 | D:7      | Noticed Prince Ribbit
  6051 | D:7      | Killed Joseph
  6235 | D:7      | Killed Prince Ribbit
  6305 | D:7      | Found a flagged portal.
  6318 | Bailey   | Entered a bailey
  6365 | Bailey   | Noticed an orc knight
  6389 | Bailey   | Killed an orc knight
  6553 | Bailey   | Noticed a kobold demonologist
  6590 | Bailey   | Noticed a rust devil
  6596 | Bailey   | Killed a kobold demonologist
  6597 | Bailey   | Reached XP level 10. HP: 91/91 MP: 9/9
  6748 | Bailey   | Received a gift from Trog
  6798 | Bailey   | Found an iron altar of Okawaru.
  6800 | Bailey   | Noticed an orc high priest
  6818 | Bailey   | Killed an orc high priest
  6823 | Bailey   | Reached skill level 10 in Armour
  6900 | Bailey   | Identified the +2 chain mail "Rousank" {rElec rPois MP-9
                  | Str+5}
  7011 | D:7      | Acquired a manual of Axes
  7556 | D:8      | Found a glowing silver altar of Zin.
  7557 | D:8      | Found a sacrificial altar of Ru.
  7559 | D:8      | Found a shimmering altar of Xom.
  7564 | D:8      | Found a radiant altar of Vehumet.
  7564 | D:8      | Found a glowing golden altar of the Shining One.
  7566 | D:8      | Found an ancient bone altar of Kikubaaqudgha.
  7568 | D:8      | Found a bloodstained altar of Trog.
  7649 | D:8      | Noticed Heli0sHyperion's ghost (novice DECj)
  7652 | D:8      | Found a runed translucent gate.
  7653 | D:8      | Found a runed translucent gate.
  7656 | D:8      | Found a runed translucent gate.
  7718 | D:8      | Identified the +0 plate armour "Xipeap" {rElec Will- Int+4}
  7791 | D:8      | Found a sand-covered staircase.
  7803 | Ossuary  | Entered an ossuary
  7861 | Ossuary  | Reached skill level 10 in Fighting
  8419 | D:8      | Found a snail-covered altar of Cheibriados.
  8733 | D:8      | Found a hide-covered altar of Uskayaw.
  8843 | D:8      | Killed Heli0sHyperion's ghost
  8844 | D:8      | Reached skill level 15 in Axes
  8844 | D:8      | Reached XP level 11. HP: 93/101 MP: 0/10
  8945 | D:9      | Found a sparkling altar of Nemelex Xobeh.
  9249 | D:9      | Paralysed by a gnoll for 2 turns
  9258 | D:9      | Paralysed by a gnoll for 4 turns
  9570 | D:10     | Entered Level 10 of the Dungeon
  9643 | D:10     | Noticed Lodul
  9657 | D:10     | Killed Lodul
  9996 | D:10     | Found an ornate altar of the Wu Jian Council.
 10372 | D:11     | Noticed a boulder beetle
 10380 | D:11     | Killed a boulder beetle
 10404 | D:11     | Noticed a two-headed ogre
 10409 | D:11     | Killed a two-headed ogre
 10410 | D:11     | Reached skill level 5 in Dodging
 10754 | D:11     | Noticed a death yak
 10755 | D:11     | Noticed a death yak
 10756 | D:11     | Noticed a death yak
 10760 | D:11     | Noticed Psyche
 10762 | D:11     | Killed a death yak
 10765 | D:11     | Killed a death yak
 10769 | D:11     | Killed a death yak
 10774 | D:11     | Killed Psyche
 10960 | D:11     | Found a staircase to the Lair.
 11190 | D:11     | You are sucked into a shaft and drop 2 floors!
 11201 | D:13     | Noticed a boulder beetle
 11223 | D:13     | Killed a boulder beetle
 11224 | D:13     | Reached XP level 12. HP: 82/110 MP: 0/11
 11371 | D:13     | Found a radiant altar of Vehumet.
 11543 | D:11     | Received a gift from Trog
 11661 | D:12     | Noticed a two-headed ogre
 11673 | D:12     | Killed a two-headed ogre
 11944 | D:12     | Found a staircase to the Orcish Mines.
 12770 | D:12     | Identified the +4 scale mail of Piwniq {Dex+3}
 12818 | D:12     | Noticed a three-headed hydra
 12823 | D:12     | Killed a five-headed hydra
 13221 | Lair:1   | Entered Level 1 of the Lair of Beasts
 13237 | Lair:1   | Reached skill level 1 in Staves
 13448 | Lair:1   | Noticed a death yak
 13448 | Lair:1   | Noticed a death yak
 13449 | Lair:1   | Noticed a death yak
 13459 | Lair:1   | Killed a death yak
 13460 | Lair:1   | Noticed a death yak
 13460 | Lair:1   | Noticed a death yak
 13472 | Lair:1   | Killed a death yak
 13477 | Lair:1   | Killed a death yak
 13478 | Lair:1   | Killed a death yak
 13483 | Lair:1   | Killed a death yak
 13484 | Lair:1   | Reached XP level 13. HP: 59/122 MP: 3/12
 13930 | Lair:1   | Noticed Maggie
 13942 | Lair:1   | Killed Maggie
 13943 | Lair:1   | Reached skill level 5 in Staves
 14749 | Lair:2   | Gained mutation: You have hidden genetic defects. [potion
                  | of mutation]
 14749 | Lair:2   | Gained mutation: You are occasionally teleported next to
                  | monsters. [potion of mutation]
 14750 | Lair:2   | Lost mutation: You have hidden genetic defects. [potion of
                  | mutation]
 14750 | Lair:2   | Lost mutation: You are occasionally teleported next to
                  | monsters. [potion of mutation]
 14750 | Lair:2   | Gained mutation: You are frail. (-10% HP) [potion of
                  | mutation]
 14750 | Lair:2   | Gained mutation: Your muscles are strong. (Str +4, Int/Dex
                  | -1) [potion of mutation]
 14750 | Lair:2   | Gained mutation: You possess an exceptional clarity of
                  | mind. [potion of mutation]
 14751 | Lair:2   | Lost mutation: You are frail. (-10% HP) [potion of
                  | mutation]
 14751 | Lair:2   | Lost mutation: You possess an exceptional clarity of mind.
                  | [potion of mutation]
 14751 | Lair:2   | Lost mutation: Your muscles are strong. (Str +4, Int/Dex
                  | -1) [potion of mutation]
 14751 | Lair:2   | Gained mutation: You have supernaturally acute eyesight.
                  | (SInv) [potion of mutation]
 14751 | Lair:2   | Gained mutation: You occasionally lose the ability to drink
                  | potions when taking damage. [potion of mutation]
 14752 | Lair:2   | Lost mutation: You occasionally lose the ability to drink
                  | potions when taking damage. [potion of mutation]
 14752 | Lair:2   | Lost mutation: You have supernaturally acute eyesight.
                  | (SInv) [potion of mutation]
 14752 | Lair:2   | Gained mutation: You are somewhat resistant to further
                  | mutation. [potion of mutation]
 14752 | Lair:2   | Gained mutation: You are agile. (Dex +4, Str/Int -1)
                  | [potion of mutation]
 14752 | Lair:2   | Gained mutation: You are partially covered in iridescent
                  | scales. (AC +2) [potion of mutation]
 15028 | Lair:2   | Noticed Fannar
 15041 | Lair:2   | Killed Fannar
 15210 | Lair:2   | Noticed Sonja
 15220 | Lair:2   | Killed Sonja
 15258 | Lair:2   | Found a staircase to the Swamp.
 15842 | Lair:3   | Noticed Amaemon
 15862 | Lair:3   | Killed Amaemon
 16129 | Lair:3   | Found a staircase to the Snake Pit.
 16163 | Lair:3   | Reached skill level 15 in Fighting
 16430 | Lair:3   | Noticed Kirke
 16446 | Lair:3   | Killed Kirke
 17146 | Lair:4   | Reached XP level 14. HP: 126/137 MP: 1/13
 17278 | Lair:4   | Found a runed translucent gate.
 17278 | Lair:4   | Found a runed translucent gate.
 17278 | Lair:4   | Found a runed translucent gate.
 17280 | Lair:4   | Noticed Tuheobro's ghost (journeyman MiFi)
 17367 | Lair:4   | Found a viscous altar of Jiyva.
 18245 | Lair:4   | Killed Tuheobro's ghost
 18338 | Lair:5   | Entered Level 5 of the Lair of Beasts
 18357 | Lair:5   | Received a gift from Trog
 19418 | Lair:5   | Reached skill level 15 in Armour
 19577 | Lair:5   | Reached XP level 15. HP: 145/151 MP: 1/14
 20049 | Orc:1    | Entered Level 1 of the Orcish Mines
 20204 | Orc:1    | Found a frozen archway.
 20218 | IceCv    | Entered an ice cave
 20233 | IceCv    | Found a transporter.
 20244 | IceCv    | Found a transporter.
 20244 | IceCv    | Found the +8 frozen axe "Frostbite" {freezing cloud, *Noise
                  | Fly rC+}
 20544 | Orc:1    | Noticed Jorgrun
 20549 | Orc:1    | Received a gift from Trog
 20554 | Orc:1    | Killed Jorgrun
 20749 | Orc:2    | Entered Level 2 of the Orcish Mines
 21030 | Orc:2    | Identified the +6 lajatang "Ladoecvo" {vorpal, Fly rC++}
                  | (Trog gifted it to you on level 2 of the Orcish Mines)
 21030 | Orc:2    | Received a gift from Trog
 21310 | Orc:2    | Found Yleoxt's Antique Weapon Emporium.
 21310 | Orc:2    | Found Zozyut's Distillery.
 21311 | Orc:2    | Found Yfruurown's Antique Armour Shop.
 21311 | Orc:2    | Found Voimial's Jewellery Emporium.
 21320 | Orc:2    | Bought an amulet of regeneration for 360 gold pieces
 21341 | Orc:2    | Bought a smelly plate armour for 896 gold pieces
 21341 | Orc:2    | Identified the +4 plate armour of Fedhas's Esteem {-Cast
                  | Will+ Str+2 Dex+7} (You bought it in a shop on level 2 of
                  | the Orcish Mines)
 21412 | Orc:2    | Found a staircase to the Elven Halls.
 22338 | D:14     | Noticed Nessos
 22342 | D:14     | Killed Nessos
 22604 | D:14     | Paralysed by an ogre mage for 5 turns
 22675 | D:14     | Found a gate to the Vaults.
 22679 | D:14     | Reached XP level 16. HP: 165/165 MP: 15/15
 22840 | D:14     | Found a bloodstained altar of Trog.
 22840 | D:14     | Noticed Heli0sHyperion's ghost (journeyman DECj)
 22847 | D:14     | Found a transporter.
 22875 | D:14     | Found a transporter.
 23360 | D:14     | Killed Heli0sHyperion's ghost
 23378 | D:14     | Identified the +0 hat of Ihyicerr {Str+4}
 23444 | D:15     | Entered Level 15 of the Dungeon
 23458 | D:15     | Received a gift from Trog
 23626 | Swamp:1  | Entered Level 1 of the Swamp
 23721 | Swamp:1  | Acquired the +1 hat of Okawaru's Benevolence {Contam rPois
                  | Dex+8 SInv}
 24193 | Swamp:2  | Noticed Nikola
 24200 | Swamp:2  | Killed Nikola
 24877 | Swamp:3  | Received a gift from Trog
 25432 | Swamp:4  | Entered Level 4 of the Swamp
 25488 | Swamp:3  | Acquired a manual of Armour
 25492 | Swamp:3  | Acquired the amulet of Oddoer {Faith Slay+3}
 25694 | Swamp:4  | Reached XP level 17. HP: 153/178 MP: 16/16
 25874 | Swamp:4  | Noticed a bone dragon
 26118 | Swamp:4  | Killed a bone dragon
 26301 | Swamp:4  | Received a gift from Trog
 26362 | Swamp:4  | Got a decaying rune of Zot
 26521 | Snake:1  | Entered Level 1 of the Snake Pit
 26545 | Snake:1  | Noticed Frances
 26549 | Snake:1  | Killed Frances
 26705 | Snake:1  | Noticed Aizul
 26714 | Snake:1  | Killed Aizul
 27072 | Snake:2  | Found Leunned's Antique Armour Shop.
 27072 | Snake:2  | Found Bod Tuiss's Antique Armour Boutique.
 27080 | Snake:2  | Bought a pair of ichor-stained boots for 294 gold pieces
 27080 | Snake:2  | Identified the +4 pair of boots of Lust {rCorr} (You bought
                  | it in a shop on level 2 of the Snake Pit)
 27080 | Snake:2  | Bought a pair of runed gloves for 232 gold pieces
 27308 | Snake:2  | Identified the +4 plate armour of Pathos {Harm Int+4}
 27319 | Snake:2  | Received a gift from Trog
 27319 | Snake:2  | Found the +14 obsidian axe {vorpal, Mesm Drain Fly SInv}
 28240 | Snake:3  | Received a gift from Trog
 28822 | Snake:4  | Entered Level 4 of the Snake Pit
 28965 | Snake:4  | Noticed Donald
 29125 | Snake:4  | Reached XP level 18. HP: 138/192 MP: 17/17
 29482 | Snake:4  | Killed Donald
 29663 | Snake:4  | Reached ****** piety under Trog
 29691 | Snake:4  | Noticed Vashnia
 29703 | Snake:4  | Killed Vashnia
 29705 | Snake:4  | Received a gift from Trog
 30350 | Snake:4  | Got a serpentine rune of Zot
 30955 | D:15     | Found a staircase to the Depths.
 31063 | D:15     | Identified the amulet of the Shrike {Spirit -Tele Will+
                  | MP+9 Int+2}
 31636 | Vaults:1 | Entered Level 1 of the Vaults
 31952 | Vaults:1 | Received a gift from Trog
 32293 | Vaults:1 | Reached XP level 19. HP: 168/206 MP: 18/18
 33646 | Vaults:2 | Reached skill level 27 in Fighting
 34001 | Vaults:2 | Noticed Boris
 34013 | Vaults:2 | Received a gift from Trog
 34022 | Vaults:2 | Killed Boris
 34366 | Vaults:2 | Reached skill level 27 in Axes
 34678 | Vaults:2 | Received a gift from Trog
 35217 | Vaults:2 | Found a staircase to the Crypt.
 35372 | Vaults:3 | Noticed Jory
 35377 | Vaults:3 | Killed Jory
 35637 | Vaults:3 | Found a portal to a secret trove of treasure.
 36195 | Vaults:3 | Reached XP level 20. HP: 177/216 MP: 19/19
 36375 | Vaults:3 | Identified the +8 battleaxe of Due Proportion {flame, rN+
                  | Will+} (Trog gifted it to you on level 3 of the Vaults)
 36375 | Vaults:3 | Received a gift from Trog
 36865 | Vaults:4 | Reached skill level 10 in Dodging
 37270 | Vaults:4 | Received a gift from Trog
 37812 | Vaults:4 | Received a gift from Trog
 38176 | Vaults:4 | Found Rififod's Assorted Antiques.
 38357 | Vaults:5 | Entered Level 5 of the Vaults
 38357 | Vaults:5 | Noticed an ancient lich
 38357 | Vaults:5 | Noticed Xtahua
 38369 | Vaults:5 | Killed Xtahua
 38371 | Vaults:5 | Killed an ancient lich
 38416 | Vaults:5 | Received a gift from Trog
 38417 | Vaults:5 | Reached XP level 21. HP: 162/224 MP: 20/20
 38547 | Vaults:4 | Upgraded the game from 0.30-a0-354-g6b83867 to
                  | 0.30-a0-355-g4c39ff3
 38906 | Vaults:5 | Noticed an ancient lich
 38913 | Vaults:5 | Killed an ancient lich
 38948 | Vaults:5 | Identified the +9 mace of Gin and Tonic {vorpal, rElec
                  | Str+3}
 39290 | Vaults:5 | Received a gift from Trog
 39293 | Vaults:5 | Noticed an ancient lich
 39295 | Vaults:5 | Killed an ancient lich
 39313 | Vaults:5 | Reached skill level 27 in Armour
 39349 | Vaults:5 | Noticed Sojobo
 39474 | Vaults:5 | Killed Sojobo
 39770 | Vaults:5 | Noticed a golden dragon
 39783 | Vaults:5 | Killed a golden dragon
 39976 | Vaults:5 | Noticed a golden dragon
 39983 | Vaults:5 | Killed a golden dragon
 40392 | Vaults:5 | Identified the +2 robe "Conaoh" {Str+6 Int+2}
 40700 | Vaults:5 | Reached skill level 15 in Dodging
 41171 | Vaults:5 | Identified the ring "Iwuefen" {Str+6 Int+7}
 41313 | Vaults:5 | Found the amulet of the Air {Inacc Air Fly rElec RMsl}
 41317 | Vaults:5 | Found the +9 staff of Wucad Mu {*channel}
 41320 | Vaults:5 | Found the ring of Shadows {Umbra +Inv Stlth+}
 41330 | Vaults:5 | Got a silver rune of Zot
 41380 | Vaults:5 | Identified the +2 scale mail "Wiot" {rF+ Str+4 Int+6
                  | Stlth+}
 41387 | Vaults:5 | Identified the +1 spear "Aubergine" {drain, Dex+5}
 41937 | Depths:1 | Entered Level 1 of the Depths
 41944 | Depths:1 | Found a stormy altar of Qazlal.
 42083 | Depths:1 | Identified the +5 battleaxe of Xoppucur {vorpal, rF+ SInv}
                  | (Trog gifted it to you on level 1 of the Depths)
 42083 | Depths:1 | Received a gift from Trog
 42183 | Depths:1 | Reached XP level 22. HP: 215/233 MP: 21/21
 42206 | Depths:1 | Identified the amulet "Wiamef" {+Blink Regen+ MP+9}
 42309 | Depths:1 | Found a one-way gateway to a ziggurat.
 42484 | Depths:1 | Found a gateway to Hell.
 42690 | Depths:1 | Found a one-way gate to the infinite horrors of the Abyss.
 43059 | Depths:2 | Received a gift from Trog
 43220 | Depths:2 | Reached skill level 1 in Evocations
 43516 | Depths:2 | Found a one-way gate leading to the halls of Pandemonium.
 43710 | Depths:2 | Received a gift from Trog
 43873 | Depths:2 | Identified the ring "Nifemuil" {Wiz Str+5}
 44002 | Depths:2 | Acquired 920 gold pieces
 45307 | Depths:3 | Found an ancient bone altar of Kikubaaqudgha.
 45323 | Depths:3 | Reached XP level 23. HP: 36/240 MP: 22/22
 46192 | Depths:3 | Received a gift from Trog
 46214 | Depths:3 | Found the +3 pair of mountain boots {steadfast, rC+}
 46495 | Depths:3 | Identified the +6 arbalest of Light {antimagic, Dex+4}
 46588 | Depths:4 | Entered Level 4 of the Depths
 46805 | Depths:4 | Received a gift from Trog
 47031 | Depths:4 | Found a gate to the Realm of Zot.
 47385 | Depths:4 | Found a hide-covered altar of Uskayaw.
 47827 | Zot:1    | Entered Level 1 of the Realm of Zot
 47927 | Zot:1    | Received a gift from Trog
 48200 | Zot:2    | Identified the +3 war axe of Amei {drain, rF+}
 48378 | Zot:2    | Found the +4 dragonskin cloak
 48378 | Zot:2    | Noticed Tiamat
 48402 | Zot:2    | Killed Tiamat
 48716 | Zot:2    | Found a blossoming altar of Fedhas.
 48717 | Zot:2    | Noticed a dread lich
 48733 | Zot:2    | Killed a dread lich
 48747 | Zot:2    | Reached XP level 24. HP: 249/249 MP: 22/22
 48752 | Zot:2    | Paralysed by a floating eye for 2 turns
 48756 | Zot:2    | Paralysed by a floating eye for 4 turns
 48767 | Zot:2    | Received a gift from Trog
 48767 | Zot:2    | Paralysed by a floating eye for 4 turns
 48771 | Zot:2    | Identified the +6 flail "Orb Guardian's Death" {elec, rF+++
                  | Int+7 Stlth-}
 50352 | Zot:4    | Received a gift from Trog
 50355 | Zot:4    | Noticed a Killer Klown
 50357 | Zot:4    | Noticed a Killer Klown
 50363 | Zot:4    | Killed a Killer Klown
 50369 | Zot:4    | Killed a Killer Klown
 51017 | Zot:5    | Entered Level 5 of the Realm of Zot
 51087 | Zot:5    | Reached skill level 27 in Dodging
 51222 | Zot:5    | Noticed a dread lich
 51234 | Zot:5    | Noticed an ancient lich
 51235 | Zot:5    | Killed a dread lich
 51236 | Zot:5    | Reached skill level 5 in Evocations
 51237 | Zot:5    | Noticed an orb of fire
 51240 | Zot:5    | Noticed an orb of fire
 51243 | Zot:5    | Killed an ancient lich
 51244 | Zot:5    | Noticed an orb of fire
 51246 | Zot:5    | Noticed a Killer Klown
 51247 | Zot:5    | Killed an orb of fire
 51256 | Zot:5    | Killed an orb of fire
 51256 | Zot:5    | Noticed a Killer Klown
 51260 | Zot:5    | Killed an orb of fire
 51260 | Zot:5    | Identified the +10 quarterstaff "Lonifal" {vorpal, rF- rN+
                  | rCorr} (Trog gifted it to you on level 5 of the Realm of
                  | Zot)
 51260 | Zot:5    | Received a gift from Trog
 51261 | Zot:5    | Noticed a Killer Klown
 51268 | Zot:5    | Killed a Killer Klown
 51270 | Zot:5    | Killed a Killer Klown
 51272 | Zot:5    | HP: 16/373 [purple draconian/bolt of dispelling energy[a
                  | black draconian knight] (18)]
 51277 | Zot:5    | HP: 15/373 [Killer Klown/+11 club (3)]
 51278 | Zot:5    | Slain by a black draconian knight

Illustrated notes

Levels and vault maps discovered:
D:1:      spicycebolla_arrival_xxxplode, layout_loops_cross
D:2:      layout_basic, dreamdust_ecumenical_altar_hidden_monk_grotto,
          uniq_robin, uniq_terence
D:3:      layout_loops_corners, okawaru_metal_pillars_1_2, portal_sewer_entry_b,
          uniq_natasha
D:4:      layout_basic, uniq_ijyb, uniq_pikel, uniq_sigmund
D:5:      layout_loops_cross, makhleb_grotto_becter, kennysheep_mini,
          kennysheep_another_room, chequers_serial_rivers_micro_d
D:6:      layout_rooms, minmay_temple_entry_wispy
D:7:      layout_cave_pools, enter_bailey_3, uniq_prince_ribbit1, uniq_joseph
D:8:      layout_basic, mainiacjoe_overflow_chevrons,
          mainiacjoe_overflow_alcove_1, minitemple, biasface_ghost_orc_armoury,
          enter_ossuary_3
D:9:      layout_roguey, mainiacjoe_overflow_cross_hatched
D:10:     layout_roguey, lemuel_tele_altar, uniq_lodul
D:11:     layout_cross, dpeg_lair_monsters, water_maze_lemuel, uniq_psyche
D:12:     layout_roguey, erik_orc_3, hangedman_ranch
D:13:     layout_basic, vehumet_statue
D:14:     layout_long_grid, grunt_vaults_entry_fortified,
          gammafunk_ghost_wrathful_warriors, nicolae_eternal_life, uniq_nessos
D:15:     grunt_enter_depths_snipers, layout_loops_cross, patterned_corridor
Lair:1:   layout_chaotic_city, beast_lair_carwin_6, grunt_megastairs_5,
          serial_bayou_shore_a, infiniplex_staircase_pool_2, uniq_maggie
Lair:2:   layout_chaotic_city, swamp_mist, uniq_sonja, uniq_fannar
Lair:3:   layout_gridlike, minmay_snake_entry_six_corridors, grunt_megastairs_3,
          uniq_amaemon, uniq_kirke
Lair:4:   layout_regular_city, minmay_slime_entry_oklob_enclosed,
          gammafunk_ghost_split, serial_bayou_pond_a, lemuel_fruit_tree
Lair:5:   hangedman_lair_caniforms_friends, layout_misc_corridors,
          guppyfry_lair_end_dragon, evilmike_ambush
          [evilmike_ambush_outer_pillars, evilmike_ambush_inner_basic]
Swamp:1:  layout_basic_swamp, evilmike_swamp_ruin_house_3
Swamp:2:  layout_basic_swamp, serial_swamp_ruin, evilmike_swamp_ruin_house_2,
          evilmike_swamp_ruin_rubble_2, uniq_nikola
Swamp:3:  layout_basic_swamp, nicolae_swamp_tree_designs,
          infiniplex_staircase_pool
Swamp:4:  swamp_pestilence, layout_basic_swamp, swamp_pool5
Snake:1:  layout_misc_corridors, grunt_ministairs_2, hangedman_corner_corridor,
          uniq_aizul, uniq_frances, uniq_rupert
Snake:2:  layout_onion_interference, minmay_shoptagon, grunt_megastairs_1
Snake:3:  layout_basic, nicolae_snake_springs, nicolae_triple_integral
Snake:4:  hellmonk_snake_rune_quicksilver_temple, layout_cave_town,
          uniq_vashnia, uniq_donald
Orc:1:    layout_caves, portal_ice_cave_demonic_guard, uniq_jorgrun
Orc:2:    st_orc_ogre_mass, layout_caves, basic_altar
Vaults:1: vaults_room_glass_cross, hangedman_vaults_snaps,
          ontoclasm_vaults_idyll, vaults_room_pool, layout_vaults_omnigrid
Vaults:2: infiniplex_enter_wizlab_glasses, minmay_crypt_entry_vampire_xt,
          v_rooms_2, ontoclasm_vaults_twist, vaults_room_fours,
          vaults_standard_mumra_enter_the_diamond,
          nicolae_vaults_twisting_passages, v_misc_3,
          ontoclasm_vaults_claustrophobia,
          vaults_standard_mumra_enter_the_diamond, nicolae_vaults_theta,
          v_alt_pattern_1, ontoclasm_vaults_shuriken, layout_vaults_omnibox,
          uniq_boris
Vaults:3: nicolae_vaults_little_ls, v_rooms_6, vaults_room_ringed_pool,
          nicolae_vaults_theta, nicolae_vaults_triangles,
          nicolae_vaults_quartermaster, v_misc_22, v_misc_18,
          hangedman_vaults_slice, vaults_room_pools, nicolae_vaults_theta,
          layout_vaults_big_cross, nicolae_trove_entry_diagonal, uniq_jory
Vaults:4: nicolae_vaults_little_squares_4, hangedman_vaults_variations,
          grunt_vaults_bifocal, nicolae_vaults_arrows, vaults_dpeg_diagonal,
          nicolae_vaults_halls_meeting, v_misc_24,
          nicolae_vaults_little_squares_1, layout_vaults_maze, serial_shops,
          shop
Vaults:5: serial_shops, uniq_xtahua, uniq_sojobo
Depths:1: layout_cave_shapes, enter_ziggurat_f,
          nicolae_hell_entry_hellmouth_sunbeams,
          nicolae_qazlal_scattered_showers, hangedman_abyss_entry_splay,
          hangedman_cracks_in_the_wall
Depths:2: kennysheep_blocky_hall, layout_gridlike, grunt_pan_entry_zigzag,
          hell_entry, minmay_misc_feat_chi, minislime_mu
Depths:3: evilmike_negative_zone, layout_gridlike, marbit_kobold_abyss_entry,
          pan_entry, hell_entry, minmay_staircase_windowed_small
Depths:4: grunt_x_marks_the_spot, layout_gridlike,
          nicolae_concentric_dashed_squares_wild, pf_hell_entry_tar_river,
          eat_drink_and_be_merry_uskayaw, uniq_margery
Zot:1:    layout_misc_corridors, st_stairs_8
Zot:2:    hellmonk_paralyzer, layout_cathedral_of_symmetry, basic_altar,
          uniq_tiamat
Zot:3:    layout_cathedral_of_symmetry, grunt_ministairs_13
Zot:4:    layout_basic, hangedman_zot_decor_tridents
Zot:5:    layout_cathedral_of_symmetry

Skill      XL: |  1  2  3  4  5  6  7  8  9 10 11 12 13 14 15 16 17 18 19 20 21 22 23 24 |
---------------+-------------------------------------------------------------------------+-----
Axes           | 4 5 6 8 10 11 15 19 21 22 23 24 25 26 27 | 27.0
Fighting       | 4 5 6 7 9 10 11 13 16 18 20 22 24 26 27 | 27.0
Armour         | 3 4 6 7 9 10 12 14 15 16 18 19 23 25 27 | 27.0
Dodging        | 3 4 5 6 9 11 16 21 24 27 | 27.0
Staves         | 4 6 |  6.0
Evocations     | 1 2 8 |  8.9
Stealth        | |  0.8

Action                   |  1- 3 |  4- 6 |  7- 9 | 10-12 | 13-15 | 16-18 | 19-21 | 22-24 || total
-------------------------+-------+-------+-------+-------+-------+-------+-------+-------++-------
Melee: Hand axe          |    68 |   181 |   249 |       |       |       |       |       ||   498
       Headbutt          |     7 |    29 |    44 |    77 |   167 |   195 |   179 |   268 ||   966
       Punch             |       |     1 |       |     1 |       |       |       |       ||     2
       War axe           |       |       |    25 |    24 |       |       |       |       ||    49
       Battleaxe         |       |       |       |   293 |   567 |    11 |       |       ||   871
       Lajatang          |       |       |       |    31 |       |       |       |    18 ||    49
       Executioner's axe |       |       |       |       |   188 |   687 |   639 |   847 ||  2361
Invok: Berserk           |       |     2 |     4 |     4 |     9 |    11 |     7 |     8 ||    45
       Trog's Hand       |       |       |     1 |     1 |     9 |    10 |    13 |     6 ||    40
       Brothers in Arms  |       |       |       |     3 |     3 |     1 |     6 |     2 ||    15
Evoke: Wand              |       |       |       |       |       |       |       |     1 ||     1
  Use: Scroll            |       |       |     6 |    19 |     4 |    11 |     1 |     4 ||    45
       Potion            |       |       |     5 |     1 |    14 |     3 |     4 |     1 ||    28
 Stab: Distracted        |       |       |       |     1 |       |     4 |     3 |     4 ||    12
       Confused          |       |       |       |       |       |     1 |       |       ||     1
       Petrified         |       |       |       |       |       |       |     2 |     1 ||     3
Armor: Leather armour    |    16 |     7 |       |       |       |       |       |       ||    23
       Chain mail        |       |    81 |   109 |   200 |   362 |       |       |       ||   752
       Plate armour      |       |       |       |       |    41 |   442 |   350 |   309 ||  1142
Dodge: Dodged            |    48 |    96 |   112 |   155 |   452 |   407 |   495 |   859 ||  2624

Table legend: (Time is in decaauts)
 A = Elapsed time spent in this place.
 B = Non-inter-level travel time spent in this place.
 C = Inter-level travel time spent in this place.
 D = Time resting spent in this place.
 E = Time spent auto-exploring this place.
 F = Levels seen in this place.
 G = Mean time per level.
                   A        B        C        D        E       F      G
               +--------+--------+--------+--------+--------+-----+--------+
         Total |  50753 |  47196 |   3557 |   8869 |  27915 |  48 | 1057.4 |
       Dungeon |  15365 |  13736 |   1629 |   2540 |   8406 |  15 | 1024.3 |
          Lair |   6845 |   6438 |    407 |   1244 |   4068 |   5 | 1369.0 |
         Swamp |   2819 |   2680 |    139 |    500 |   1340 |   4 |  704.8 |
     Snake Pit |   3835 |   3686 |    149 |    679 |   2227 |   4 |  958.8 |
  Orcish Mines |   1305 |   1240 |     65 |     33 |    833 |   2 |  652.5 |
        Vaults |  10087 |   9352 |    735 |   1822 |   5759 |   5 | 2017.4 |
        Depths |   5748 |   5402 |    346 |    731 |   3413 |   4 | 1437.0 |
           Zot |   3362 |   3278 |     84 |   1018 |   1471 |   5 |  672.4 |
         Sewer |    391 |    391 |      0 |     64 |    145 |   1 |  391.0 |
       Ossuary |    216 |    216 |      0 |      0 |     82 |   1 |  216.0 |
        Bailey |    628 |    628 |      0 |    154 |    169 |   1 |  628.0 |
      Ice Cave |    147 |    147 |      0 |     81 |      0 |   1 |  147.0 |
               +--------+--------+--------+--------+--------+-----+--------+

Top non-repeatable levels by time:
Vaults:5: 2805 daAuts
Depths:3: 2266 daAuts
Vaults:4: 2037 daAuts
Vaults:1: 1962 daAuts
Vaults:2: 1838 daAuts
    D:12: 1666 daAuts
  Lair:5: 1554 daAuts
 Snake:4: 1522 daAuts
  Lair:3: 1497 daAuts
Vaults:3: 1444 daAuts
  Lair:1: 1441 daAuts
Depths:2: 1421 daAuts
  Lair:4: 1318 daAuts
    D:14: 1316 daAuts
     D:8: 1287 daAuts
